 Dungeon Crawl Stone Soup version 0.28.0 (webtiles) character file.

Game seed: 4737154592347957825

93737 trckry the Devastator (level 15, -7/128 HPs)
             Began as a Purple Draconian Conjurer on Feb 13, 2022.
             Mangled by a tengu warrior (13 damage)
             ... on level 13 of the Dungeon.
             The game lasted 01:50:52 (34777 turns).

trckry the Devastator (Purple Draconian Conjurer)  Turns: 34777, Time: 01:50:53

Health: -7/128     AC: 12    Str: 10    XL:     15   Next: 61%
Magic:  31/40      EV: 15    Int: 24    God:
Gold:   2118       SH:  5    Dex: 11    Spells: 14/38 levels left

rFire   . . .      SeeInvis .   a - +1 flail (venom)
rCold   . . .      Faith    .   (no shield)
rNeg    . . .      Spirit   .   (armour unavailable)
rPois   .          Reflect  +   (helmet restricted)
rElec   .          Harm     .   o - scarf {+Inv}
rCorr   .          Rampage  +   (no gloves)
Will    ++...                   R - +2 pair of boots {rampage}
Stlth   ++........              J - amulet of reflection
HPRegen 0.31/turn               p - ring of magical power
MPRegen 0.27/turn               v - ring of wizardry

@: no status effects
A: breathe power, AC +9, unfitting armour, cold-blooded
a: Breathe Dispelling Energy, Evoke Invisibility


You were on level 13 of the Dungeon.
You visited 4 branches of the dungeon, and saw 22 of its levels.
You also visited: Bailey and Volcano.

You collected 2360 gold pieces.
You spent 242 gold pieces at shops.

Inventory:

Hand Weapons
 a - a +1 flail of venom (weapon)
 t - the +7 captain's cutlass {speed, disarm}
   (You found it on level 8 of the Dungeon)

   Attacks with this weapon are significantly faster.
   It may disarm weapon-wielding foes when striking them, dealing extra damage
   in the process.
 X - a +1 fustibalus of flaming
Missiles
 n - 9 throwing nets
 s - 23 poisoned darts (quivered)
Armour
 k - a +1 cloak
 o - a scarf of invisibility (worn)
 G - a +0 buckler
 R - a +2 pair of boots of rampaging (worn)
Magical Staves
 Z - a staff of fire
Jewellery
 e - a ring of resist corrosion
 i - a ring of willpower
 j - a ring of protection from fire
 p - a ring of magical power (left hand)
 v - a ring of wizardry (right hand)
 y - a ring of protection from cold
 A - a ring of positive energy
 J - an amulet of reflection (around neck)
Wands
 x - a wand of paralysis (18)
 D - a wand of iceblast (21)
 M - a wand of digging (5)
 O - a wand of polymorph (5)
 W - a wand of flame (6)
Scrolls
 b - a scroll of immolation
 c - 2 scrolls of vulnerability
 f - 2 scrolls of fog
 h - 2 scrolls of enchant weapon
 q - 6 scrolls of teleportation
 I - 3 scrolls of fear
 N - a scroll of summoning
 U - a scroll of blinking
 V - 2 scrolls of enchant armour
Potions
 d - 5 potions of lignification
 g - 5 potions of haste
 l - 2 potions of cancellation
 m - 5 potions of invisibility
 u - 2 potions of curing
 z - 3 potions of flight {unknown}
 B - 2 potions of magic
 C - 3 potions of ambrosia {unknown}
 E - 4 potions of mutation
 F - 7 potions of heal wounds
 H - 2 potions of attraction {unknown}
 K - 4 potions of might
 P - 2 potions of berserk rage {unknown}
 Q - 2 potions of brilliance {unknown}
 T - a potion of resistance
 Y - a potion of degeneration {unknown}
Miscellaneous
 r - a box of beasts
 L - a phial of floods (inert)


   Skills:
 + Level 10.6 Fighting
 + Level 8.3 Dodging
 - Level 1.7 Stealth
 + Level 12.0 Spellcasting
 * Level 18.8 Conjurations
 - Level 4.0 Translocations
 + Level 3.0 Fire Magic
 - Level 4.0 Earth Magic
 + Level 10.8 Evocations


You had 14 spell levels left.
You knew the following spells:

 Your Spells              Type           Power      Damage    Failure   Level
b - Searing Ray           Conj           100%       2d8       0%          2
c - Iskenderun's Mystic   Conj/Tloc      62%        2d13      1%          4
d - Stone Arrow           Conj/Erth      100%       3d13      1%          3
e - Passwall              Tmut/Erth      20%        N/A       1%          2
f - Blink                 Tloc           66%        N/A       1%          2
g - Orb of Destruction    Conj           40%        9d11      1%          7
h - Flame Wave            Conj/Fire      61%        2d12      1%          4

Your spell library contained the following spells:

 Spells                   Type           Power      Damage    Failure   Level
 Magic Dart               Conj           100%       1d8       0%          1
 Animate Skeleton         Necr           28%        N/A       1%          1
 Foxfire                  Conj/Fire      100%       2x1d9     1%          1
 Pain                     Necr           56%        1d6       1%          1
 Sandblast                Erth           66%        2d15      1%          1
 Slow                     Hex            56%        N/A       1%          1
 Conjure Flame            Conj/Fire      61%        6-21      1%          3
 Dazzling Flash           Conj/Hex       100%       N/A       1%          3
 Fulminant Prism          Conj/Hex       28%        3d14      1%          4
 Irradiate                Conj/Tmut      28%        3d23      1%          5
 Lightning Bolt           Conj/Air       28%        1d44      1%          5
 Ensorcelled Hibernation  Hex/Ice        28%        N/A       2%          2
 Inner Flame              Hex/Fire       21%        N/A       2%          3
 Confusing Touch          Hex            14%        N/A       5%          3
 Spider Form              Tmut/Pois      14%        N/A       5%          3
 Summon Guardian Golem    Hex/Summ       14%        N/A       5%          3
 Vampiric Draining        Necr           14%        2d7       5%          3
 Manifold Assault         Tloc           33%        N/A       9%          5
 Airstrike                Air            7%         N/A       16%         4
 Anguish                  Hex/Necr       7%         N/A       16%         4
 Summon Lightning Spire   Summ/Air       14%        N/A       16%         4
 Borgnjor's Vile Clutch   Necr/Erth      12%        N/A       21%         5
 Summon Forest            Summ/Tloc      12%        N/A       21%         5
 Spellforged Servitor     Conj/Summ      28%        N/A       28%         7
 Alistair's Intoxication  Tmut/Pois      9%         N/A       41%         5
 Blade Hands              Tmut           7%         N/A       41%         5
 Eringya's Noxious Bog    Tmut/Pois      7%         N/A       92%         6
 Dragon Form              Tmut           7%         N/A       100%        7
 Storm Form               Tmut/Air       7%         N/A       100%        7
 Summon Hydra             Summ           7%         N/A       100%        7


Dungeon Overview and Level Annotations

Branches:
Dungeon (13/15)            Temple (1/1) D:7            Lair (6/6) D:9
  Swamp (0/4) Lair:2        Snake (0/4) Lair:2        Slime (0/5) Lair:5
    Orc (2/2) D:11            Elf (0/3) Orc:2        Bailey (visited)
Volcano (visited)
 Vaults: D:13-14

Altars:
Ashenzari
Cheibriados
Dithmenos
Elyvilon
Fedhas
Gozag
Hepliaklqana
Kikubaaqudgha
Makhleb
Nemelex Xobeh
Okawaru
Qazlal
Ru
Sif Muna
Trog
Uskayaw
Vehumet
Wu Jian
Xom
Yredelemnul
Zin
The Shining One
Beogh
Lugonu

Shops:
Orc:1 *   Orc:2 :!:[

Portals:
Abyss: Lair:6

Annotations:
Lair:1 3 runed translucent doors, js333's ghost, novice DECj
Orc:2 Donald


Innate Abilities, Weirdness & Mutations

You can breathe bolts of dispelling energy.
Your rich purple scales are hard. (AC +9)
You cannot fit into any form of body armour.
You are cold-blooded and may be slowed by cold attacks.


Message History

Casting: Stone Arrow (safe; 1% risk of failure)
Confirm with . or Enter, or press ? or * to list all spells.
You don't have enough magic to cast this spell.
Magic courses through your body.
Casting: Stone Arrow (safe; 1% risk of failure)
Confirm with . or Enter, or press ? or * to list all spells.
Aiming: Stone Arrow (safe; 1% risk of failure)
Press: ? - help, Shift-Dir - straight line, f - acid dragon
Aim: an acid dragon (purple smoke, moderately wounded, 78% to hit)
The stone arrow hits the acid dragon!
The acid dragon is almost dead.
The acid dragon spits acid at you. The splash of acid hits you!
* * * LOW HITPOINT WARNING * * *
Casting: Stone Arrow (safe; 1% risk of failure)
Confirm with . or Enter, or press ? or * to list all spells.
Aiming: Stone Arrow (safe; 1% risk of failure)
Press: ? - help, Shift-Dir - straight line, f/p - acid dragon
Aim: an acid dragon (purple smoke, almost dead, catching its breath, 78% to hit)
The stone arrow hits the acid dragon!
You kill the acid dragon!
An efreet comes into view.
It is wielding a +0 scimitar of flaming.
Press: ? - help, v - describe, . - travel, g - get item
Here: a tengu warrior, wielding a +2 great sword and wearing a +0 ring mail
Items here: a +0 shortbow; 20 arrows; a centaur corpse.
The floor, spattered with blood.
Unknown command.
Press: ? - help, v - describe, . - travel, g - get item
Here: a tengu warrior, wielding a +2 great sword and wearing a +0 ring mail
Items here: a +0 shortbow; 20 arrows; a centaur corpse.
The floor, spattered with blood.
Unknown command.
The efreet moves out of view.
The centaur wields a +0 shortbow.
The centaur shoots an arrow.
The arrow hits you!
* * * LOW HITPOINT WARNING * * *
The centaur shoots an arrow.
The arrow hits you.
* * * LOW HITPOINT WARNING * * *
The tengu warrior hits you with a +2 great sword!
You die...

#####...# .....#
#.>.....# .$..... ###
#.###...##.......##c
..# #.# #c...........c
c #.# #.#
#.#..###...#.##
#.####### #.# #.##.#
......... #.# #.# .#
#.####### #.# #Q# .#
#.# #.# #@# .#
#.##########.# #.# .#
#.#..........###<##.#
#...................
.##[#.#####.###...###
#.#.#.#####.# #......
##.=........###...##
#.#.#.####........####.
.##<#.# ##............


You could see a tengu warrior and a centaur.

Vanquished Creatures
  An orc warlord (Bailey)
  A red draconian (Volcano)
  Harold (Orc:1)
  A boulder beetle (D:12)
  5 hydras
  2 ogre magi
  A centaur warrior (D:13)
  2 catoblepae
  9 two-headed ogres
  3 thrashing horrors (Lair:6)
  3 bog bodies (Lair:2)
  A lindwurm (Orc:1)
  Pikel (D:4)
  2 orc knights (Orc:2)
  2 ugly things (Lair:6)
  3 cyclopes
  5 slime creatures (D:13)
  A manticore (D:12)
  8 elephants
  8 black mambas
  A torpor snail (Lair:4)
  A molten gargoyle (Volcano)
  A smoke demon (Lair:6)
  An unseen horror (D:9)
  2 gargoyles
  13 cane toads
  9 komodo dragons
  2 rime drakes
  3 ancient zymes (Lair:6)
  6 trolls
  3 meliai (D:13)
  37 blink frogs
  2 polar bears
  A meliai zombie (D:11)
  2 spriggans (Lair:6)
  4 shadows
  A vampire (D:12)
  A wraith (D:12)
  59 yaks
  3 ynoxinuls (Lair:6)
  3 wyverns
  2 large abominations (Lair:6)
  6 fire bats (Volcano)
  2 steam dragons
  7 vampire mosquitoes
  2 wargs (Orc:1)
  A redback (shapeshifter) (Lair:6)
  10 basilisks
  2 chaos spawn (Lair:6)
  2 swamp worms (Lair:2)
  2 acid dragons
  13 water moccasins
  9 small abominations (Lair:6)
  Duvessa (D:6)
  2 sky beasts
  2 black bears
  34 orc warriors
  A hornet zombie (D:7)
  15 wolves
  2 necrophages
  5 ogres
  4 lemures
  19 centaurs
  A phantom (D:6)
  7 bullfrogs
  2 kobold brigands
  A wyvern zombie (D:4)
  A gnoll sergeant (D:8)
  3 scorpions (D:5)
  A water moccasin skeleton (D:5)
  Dowan (D:6)
  12 killer bees
  3 troll zombies (D:11)
  3 wights (D:8)
  2 electric eels (Lair:2)
  6 howler monkeys (D:12)
  3 centaur zombies
  3 hounds
  6 lava snakes (Volcano)
  13 orc priests
  5 jellies
  A gnoll shaman (D:8)
  2 centaur skeletons (D:4)
  2 iguanas
  14 orc wizards
  3 ogre zombies (D:11)
  A hound skeleton (D:4)
  2 howler monkey zombies
  A howler monkey skeleton (D:5)
  16 gnolls
  9 adders
  A shadow imp (D:7)
  2 white imps
  An ufetubus (D:5)
  3 dart slugs
  76 orcs
  4 bats (D:1)
  7 endoplasms
  6 goblins
  9 hobgoblins
  2 jackals (D:4)
  6 quokkas
  5 ball pythons
  6 frilled lizards
  2 goblin zombies (D:11)
  3 hobgoblin zombies (D:11)
  19 kobolds
  14 orc zombies (D:11)
  22 rats
670 creatures vanquished.

Vanquished Creatures (collateral kills)
  Rupert (Orc:2)
1 creature vanquished.

Vanquished Creatures (others)
  An orc (Orc:1)
  55 fungi
  55 plants
111 creatures vanquished.

Grand Total: 782 creatures vanquished

Notes
Turn   | Place    | Note
-------+----------+-------------------------------------------
     0 | D:1      | trckry the Draconian Conjurer began the quest for the Orb.
     0 | D:1      | Reached XP level 1. HP: 14/14 MP: 3/3
   304 | D:1      | Found a faded altar of an unknown god.
   363 | D:1      | Reached XP level 2. HP: 17/20 MP: 5/5
   418 | D:1      | Learned a level 2 spell: Searing Ray
   941 | D:2      | HP: 3/20 [adder (2)]
  1251 | D:2      | Reached XP level 3. HP: 23/26 MP: 0/6
  1596 | D:2      | Reached skill level 5 in Conjurations
  1771 | D:2      | Reached XP level 4. HP: 24/33 MP: 8/8
  2037 | D:2      | Learned a level 4 spell: Iskenderun's Mystic Blast
  2267 | D:3      | Found a glowing golden altar of the Shining One.
  2577 | D:3      | Found a hide-covered altar of Uskayaw.
  3014 | D:3      | Reached XP level 5. HP: 38/38 MP: 5/9
  3457 | D:4      | Noticed Pikel
  3460 | D:4      | Noticed a lemure
  3474 | D:4      | Reached skill level 6 in Conjurations
  3519 | D:3      | Killed a lemure
  3562 | D:4      | Noticed a lemure
  3581 | D:4      | Killed a lemure
  3599 | D:4      | Noticed a lemure
  3626 | D:4      | Killed a lemure
  3664 | D:4      | Noticed a lemure
  3689 | D:4      | Killed a lemure
  3721 | D:4      | HP: 2/38 [wyvern zombie (7)]
  4060 | D:4      | Found a white marble altar of Elyvilon.
  4073 | D:4      | Reached XP level 6. HP: 41/45 MP: 11/11
  4301 | D:4      | Reached skill level 7 in Conjurations
  4407 | D:4      | Found a bloodstained altar of Trog.
  5232 | D:4      | Killed Pikel
  5233 | D:4      | Reached skill level 5 in Spellcasting
  5233 | D:4      | Reached skill level 8 in Conjurations
  5233 | D:4      | Your scales start taking on a rich purple colour.
  5233 | D:4      | Reached XP level 7. HP: 34/50 MP: 12/16
  5403 | D:5      | Entered Level 5 of the Dungeon
  5416 | D:5      | Reached XP level 8. HP: 43/57 MP: 17/17
  5552 | D:5      | Reached skill level 9 in Conjurations
  6408 | D:5      | Reached skill level 10 in Conjurations
  6540 | D:5      | Found a burning altar of Makhleb.
  6546 | D:5      | Found a snail-covered altar of Cheibriados.
  6546 | D:5      | Found an ancient bone altar of Kikubaaqudgha.
  6635 | D:6      | Noticed Duvessa
  6635 | D:6      | Noticed Dowan
  6650 | D:6      | Killed Duvessa
  6652 | D:6      | Killed Dowan
  6746 | D:6      | Reached XP level 9. HP: 50/62 MP: 20/20
  6942 | D:6      | Noticed a cyclops
  6959 | D:6      | Killed a cyclops
  6960 | D:6      | Reached skill level 11 in Conjurations
  7218 | D:6      | Found a blossoming altar of Fedhas.
  7220 | D:6      | Found a sacrificial altar of Ru.
  8130 | D:7      | Found a staircase to the Ecumenical Temple.
  8145 | Temple   | Entered the Ecumenical Temple
  8477 | D:7      | Learned a level 3 spell: Stone Arrow
  8480 | D:7      | Learned a level 2 spell: Passwall
  8483 | D:7      | Learned a level 2 spell: Blink
  8763 | D:7      | Reached skill level 1 in Translocations
  8763 | D:7      | Reached skill level 1 in Earth Magic
  9064 | D:7      | Noticed a troll
  9080 | D:7      | Killed a troll
  9081 | D:7      | Reached skill level 1 in Fighting
  9081 | D:7      | Reached skill level 1 in Evocations
  9434 | D:8      | Found the +7 captain's cutlass {speed, disarm}
  9495 | D:8      | Reached skill level 12 in Conjurations
  9503 | D:8      | Reached XP level 10. HP: 28/72 MP: 9/23
  9906 | D:8      | Found an ornate altar of the Wu Jian Council.
 10977 | D:9      | Found a staircase to the Lair.
 11184 | D:9      | Noticed a two-headed ogre
 11187 | D:9      | Killed a two-headed ogre
 11285 | D:9      | HP: 7/77 [orc priest/divine providence (14)]
 11887 | D:10     | Entered Level 10 of the Dungeon
 12002 | D:10     | Noticed a gargoyle
 12007 | D:10     | Killed a gargoyle
 12111 | D:10     | Found a flagged portal.
 12123 | Bailey   | Entered a bailey
 12203 | Bailey   | Noticed an orc warlord
 12275 | Bailey   | Learned a level 7 spell: Orb of Destruction
 12321 | Bailey   | Found a runed translucent gate.
 12324 | Bailey   | Found a runed translucent gate.
 12326 | Bailey   | Found a runed translucent gate.
 12530 | Bailey   | Killed an orc warlord
 12531 | Bailey   | Reached skill level 10 in Spellcasting
 12531 | Bailey   | Reached XP level 11. HP: 50/84 MP: 10/25
 12773 | D:10     | Reached skill level 13 in Conjurations
 13811 | D:11     | Found a staircase to the Orcish Mines.
 14666 | D:11     | Reached skill level 5 in Evocations
 15455 | D:12     | Noticed an eight-headed hydra
 15466 | D:12     | Killed an eight-headed hydra
 15467 | D:12     | Reached skill level 5 in Fighting
 15467 | D:12     | Noticed a two-headed ogre
 15470 | D:12     | Noticed a two-headed ogre
 15471 | D:12     | Noticed an ogre mage
 15472 | D:12     | Killed a two-headed ogre
 15472 | D:12     | Noticed a two-headed ogre
 15473 | D:12     | Noticed a two-headed ogre
 15637 | D:12     | Killed an ogre mage
 15640 | D:12     | Killed a two-headed ogre
 15641 | D:12     | Reached skill level 14 in Conjurations
 15799 | D:12     | Killed a two-headed ogre
 15800 | D:12     | Reached XP level 12. HP: 82/94 MP: 6/26
 15925 | D:12     | Killed a two-headed ogre
 16125 | D:12     | Noticed a boulder beetle
 16148 | D:12     | Killed a boulder beetle
 16371 | D:12     | Identified the +0 ring mail of the Endless Expanse {Fly
                  | rPois Will- Dex+6}
 17238 | Lair:1   | Entered Level 1 of the Lair of Beasts
 17565 | Lair:1   | Noticed a seven-headed hydra
 17595 | Lair:1   | Killed a seven-headed hydra
 17787 | Lair:1   | Found a runed translucent gate.
 17787 | Lair:1   | Found a runed translucent gate.
 17787 | Lair:1   | Found a runed translucent gate.
 17814 | Lair:1   | Noticed js333's ghost (novice DECj)
 18625 | Lair:2   | Noticed a catoblepas
 18728 | Lair:2   | Found a staircase to the Snake Pit.
 18728 | Lair:2   | Noticed an eight-headed hydra
 18741 | Lair:2   | Killed an eight-headed hydra
 19246 | Lair:2   | Killed a catoblepas
 19247 | Lair:2   | Reached skill level 15 in Conjurations
 19468 | Lair:2   | Reached skill level 5 in Dodging
 20050 | Lair:2   | Found a staircase to the Swamp.
 20069 | Lair:2   | Reached skill level 16 in Conjurations
 20069 | Lair:2   | Reached XP level 13. HP: 105/105 MP: 17/28
 20819 | Lair:3   | Reached XP level 14. HP: 77/113 MP: 14/29
 22846 | Lair:4   | Reached skill level 17 in Conjurations
 25160 | Lair:5   | Found a staircase to the Slime Pits.
 25548 | Lair:6   | Entered Level 6 of the Lair of Beasts
 26923 | Lair:6   | Learned a level 4 spell: Flame Wave
 27793 | Lair:6   | Reached skill level 18 in Conjurations
 28024 | Lair:6   | Reached XP level 15. HP: 125/125 MP: 10/31
 28589 | Lair:6   | Identified the amulet of Impatience {Faith Rampage Int+4}
 28592 | Lair:6   | Reached skill level 10 in Evocations
 29221 | Lair:6   | Found a corrupted altar of Lugonu.
 29221 | Lair:6   | Found a one-way gate to the infinite horrors of the Abyss.
 29427 | Lair:6   | Reached skill level 10 in Fighting
 29772 | Orc:1    | Entered Level 1 of the Orcish Mines
 29779 | Orc:1    | Noticed Harold
 29784 | Orc:1    | Killed Harold
 29843 | Orc:1    | Found a dark tunnel.
 30022 | Volcano  | Entered a volcano
 30373 | Volcano  | Reached skill level 1 in Fire Magic
 30408 | Volcano  | Found a radiant altar of Vehumet.
 31029 | Orc:1    | Found Gofada's Assorted Antiques.
 31040 | Orc:1    | Bought an orange potion for 20 gold pieces
 31040 | Orc:1    | Bought a crooked glass wand for 92 gold pieces
 31202 | Orc:2    | Entered Level 2 of the Orcish Mines
 31208 | Orc:2    | Noticed Rupert
 31500 | Orc:2    | Killed Rupert
 32950 | Orc:2    | Noticed Donald
 33837 | Orc:2    | Found a staircase to the Elven Halls.
 33933 | Orc:2    | Found Suckyogu's Distillery.
 33933 | Orc:2    | Found Tupeu's Book Shoppe.
 33935 | Orc:2    | Found Qyuth's Antique Armour Emporium.
 33937 | Orc:2    | Found Mawui's Book Boutique.
 33978 | Orc:2    | Bought a potion of heal wounds for 65 gold pieces
 33978 | Orc:2    | Bought a potion of heal wounds for 65 gold pieces
 34764 | D:13     | HP: 17/128 [acid dragon/splash of acid (16)]
 34772 | D:13     | HP: 6/128 [centaur/arrow[a centaur warrior] (13)]
 34777 | D:13     | Mangled by a tengu warrior

Illustrated notes

Levels and vault maps discovered:
D:1:      dpeg_arrival_rooms_b, layout_basic, dreamdust_ecumenical_altar_grove,
          serial_curves, eino_curves_04, eino_curves_03
D:2:      layout_rooms, minmay_rat_hole
D:3:      layout_basic, tso_oasis_becter, mainiacjoe_overflow_surrounded_room
D:4:      layout_loops_ring, nicolae_overflow_crystal_walls,
          mainiacjoe_overflow_catwalk, uniq_pikel
D:5:      cheibrodos_barr_body, layout_cave_pools, minitemple
D:6:      layout_loops_ring, chequers_temple_overflow_statue_of_worship,
          palyth_stone_intersect, uniq_duvessa
D:7:      layout_rooms, minmay_temple_entry_statues_pillars,
          hangedman_decor_slide_cut, nrook_pool_corridor, minivault_1,
          wad_floor_pattern_1, solitary_fountain, grunt_ministairs_11,
          kennysheep_generic_room_15
D:8:      layout_basic, mainiacjoe_overflow_paths
D:9:      layout_roguey, david_lair_generic, kennysheep_generic_room_12
D:10:     layout_irregular_city, enter_bailey_2
D:11:     layout_loops_corners, zombieorc1_lemuel
D:12:     layout_cave_pods, chequers_serial_rivers_micro_e
D:13:     layout_loops_ring, erik_vaults_2, gauntlet_entry_generic,
          kb_tengu_band, uniq_jorgrun
Temple:   minmay_temple_bridge_abc
Lair:1:   layout_misc_corridors, gammafunk_ghost_icy
Lair:2:   layout_hall_layers, nicolae_swamp_entry_splash_gauntlet,
          dummy_snake_entry, serial_bayou_shore_b
Lair:3:   layout_regular_city
Lair:4:   layout_cave_pods, serial_bayou_shore_b
Lair:5:   layout_regular_city, dpeg_slime_entry_corner
Lair:6:   hellmonk_lair_end_abyssal_woods, layout_small_grid,
          infiniplex_staircase_pool_2, serial_bayou_shore_b, lemuel_fruit_tree
Orc:1:    layout_caves, serial_shops, shop, nicolae_volcano_entry_vermiform,
          basic_altar, uniq_harold
Orc:2:    st_orc_rangers, layout_caves, uniq_rupert, uniq_donald

Skill      XL: |  1  2  3  4  5  6  7  8  9 10 11 12 13 14 15 |
---------------+----------------------------------------------+-----
Conjurations   | 5 6 8 10 12 14 16 18 | 18.8
Spellcasting   | 3 6 7 9 10 11 12 | 12.0
Translocations | 1 4 |  4.0
Earth Magic    | 1 4 |  4.0
Fighting       | 1 4 5 7 9 10 | 10.6
Evocations     | 1 4 6 7 9 10 | 10.8
Dodging        | 3 5 7 8 |  8.3
Fire Magic     | 3 |  3.0
Stealth        | |  1.7

Action                   |  1- 3 |  4- 6 |  7- 9 | 10-12 | 13-15 || total
-------------------------+-------+-------+-------+-------+-------++-------
Melee: Dagger            |    20 |       |       |       |       ||    20
       Short sword       |    50 |    92 |       |       |       ||   142
       Tailslap          |     4 |    17 |     8 |    15 |    48 ||    92
       Flail             |       |    23 |    70 |    73 |   222 ||   388
       Punch             |       |     1 |     1 |     2 |     4 ||     8
Throw: Dart              |       |     2 |     2 |     1 |       ||     5
 Cast: Magic Dart        |    32 |    27 |    11 |    52 |     7 ||   129
       Searing Ray       |     3 |    17 |    57 |    37 |     7 ||   121
       Stone Arrow       |       |       |     9 |   201 |   442 ||   652
       Iskenderun's Myst |       |       |     2 |    45 |   125 ||   172
       Blink             |       |       |       |       |     4 ||     4
       Orb of Destructio |       |       |       |       |     3 ||     3
       Flame Wave        |       |       |       |       |     1 ||     1
 Abil: Breathe Dispellin |       |       |     2 |     3 |     2 ||     7
Evoke: Wand              |       |       |       |       |     3 ||     3
       Box of beasts     |       |       |       |       |     1 ||     1
       Phial of floods   |       |       |       |       |     1 ||     1
  Use: Scroll            |       |       |    11 |     6 |    11 ||    28
       Potion            |       |       |     1 |     2 |     4 ||     7
 Stab: Sleeping          |     1 |     2 |       |     2 |       ||     5
       Distracted        |       |       |       |       |     1 ||     1
Armor: Skin              |    24 |    56 |    57 |    80 |   153 ||   370
Dodge: Dodged            |    59 |    80 |   131 |   119 |   370 ||   759
Block: Other             |       |       |       |    28 |   162 ||   190
       Reflection        |       |       |       |       |    36 ||    36
